 Dungeon Crawl Stone Soup version 0.32-a0-599-gba8f9cf90e (webtiles) character file.

Game seed: 4090574245302546623

11168 cforsyth the Fighter (level 11, 0/229 HPs)
             Began as a Mountain Dwarf Necromancer on Mar 2, 2024.
             Was a Follower of Kikubaaqudgha.
             Slain by a cacodemon (7 damage)
             ... in a Gauntlet on Mar 3, 2024.
             The game lasted 00:36:16 (15562 turns).

cforsyth the Fighter (Mountain Dwarf Necromancer)  Turns: 15562, Time: 00:36:17

Health: 0/229      AC: 25    Str: 23    XL:     11   Next: 45%
Magic:  10/13      EV:  2    Int: 17    God:    Kikubaaqudgha [*.....]
Gold:   821        SH:  5    Dex:  7    Spells: 8/13 levels left

rFire   . . .        H - +1 war axe
rCold   + . .        (no shield)
rNeg    . . .        x - melded +0 plate armour
rPois   +            t - melded +1 helmet {Int+3}
rElec   .            (cloak currently unavailable)
rCorr   .            D - melded +0 pair of gloves of the gadgeteer {Gadgeteer Wandboost ^Fragile}
SInv    .            d - melded +0 pair of boots
Will    .....        g - amulet of reflection Stlth
                     S - +6 ring of strength
HPRegen 0.58/turn    C - ring of protection from cold
MPRegen 0.13/turn

%: no teleportation, random rage (3%), reflection
@: mighty, berserking, tree-form, weak-willed, invisible, very quick
A: stationary, stasis, torment immunity, boosted hp, runic magic, artefact
enchanting, berserk 1, clumsy 1, (deformed body), deterioration 1, strong 1
a: Renounce Religion, Unearth Wretches


You were in a Gauntlet.
You worshipped Kikubaaqudgha.
Kikubaaqudgha was aware of your devotion.
You were a tree.
You visited 2 branches of the dungeon, and saw 12 of its levels.
You also visited: Gauntlet.

You collected 821 gold pieces.


Innate Abilities, Weirdness & Mutations

You are a tree.
Your roots penetrate the ground, keeping you stationary.
You cannot be teleported.
You are immune to unholy pain and torment.
Your maximum health is greatly increased.
Your equipment is partially melded.
Your spellcasting is much less encumbered by armour.
You can use scrolls of enchantment on lesser artefacts.
You sometimes lose your temper in combat.
You are clumsy. (Dex -2)
((Armour fits poorly on your strangely shaped body.))
Your body sometimes deteriorates upon taking damage.
Your muscles are strong. (Str +4, Int/Dex -1)


   Skills:
 - Level 11.1 Fighting
 + Level 9.8 Axes
 + Level 9.7 Armour
 - Level 1.3 Dodging
 - Level 1.4 Stealth
 - Level 1.7 Spellcasting
 - Level 10.0 Necromancy
 + Level 4.3 Evocations


You had 8 spell levels left.
You knew the following spells:

 Your Spells              Type           Power      Damage    Failure   Level
a - Animate Dead          Necr           35%        N/A       3%          4
X - Necrotise             Necr           100%       1d9       1%          1

Your spell library contained the following spells:

 Spells                   Type           Power      Damage    Failure   Level
 Sublimation of Blood     Necr           35%        N/A       1%          2
 Vampiric Draining        Necr           35%        2d8       1%          3
 Cigotuvi's Dreadful Rot  Necr/Alch/Air  24%        N/A       8%          2
 Curse of Agony           Necr           35%        N/A       9%          5
 Mercury Vapours          Alch/Air       2%         N/A       30%         2
 Static Discharge         Conj/Air       2%         3-4/arc   30%         2
 Gell's Gravitas          Tloc           1%         N/A       52%         3
 Mephitic Cloud           Conj/Alch/Air  1%         N/A       52%         3
 Teleport Other           Tloc           1%         N/A       52%         3
 Tukima's Dance           Hex            1%         N/A       52%         3
 Airstrike                Air            0%         2d(1-17)  89%         4
 Passage of Golubria      Tloc           1%         N/A       89%         4
 Summon Lightning Spire   Summ/Air       1%         N/A       89%         4
 Freezing Cloud           Conj/Ice/Air   0%         6-21      99%         5
 Yara's Violent Unravell  Hex/Alch       0%         3d3       99%         5
 Conjure Ball Lightning   Conj/Air       0%         3x3d6     100%        6
 Dispersal                Tloc           0%         N/A       100%        6
 Haunt                    Necr/Summ      9%         N/A       100%        7
 Discord                  Hex            0%         N/A       100%        8
 Disjunction              Tloc           0%         N/A       100%        8
 Infestation              Necr           17%        N/A       100%        8

Inventory:

Hand Weapons
 a - a +4 spear of venom
 f - a +3 hand axe
 H - a +1 war axe (weapon)
Missiles
 q - a throwing net {=f}
Armour
 d - a +0 pair of boots (melded)
 t - a +1 helmet of intelligence (melded)
 w - a +0 pair of gloves
 x - a +0 plate armour (melded)
 D - the +0 pair of gloves of the gadgeteer (melded) {Gadgeteer Wandboost ^Fragile}
   (You found it on level 9 of the Dungeon)

   Gadgeteer: Your evocable items recharge 30% faster and wands have a 30%
   chance to not spend a charge.
   Wandboost: Your wands are more powerful.
   ^Fragile:  It will be destroyed if unequipped.
Magical Staves
 J - a staff of earth {!a}
Jewellery
 g - an amulet of reflection (around neck)
 C - a ring of protection from cold (right branch)
 S - a +6 ring of strength (left branch)
Wands
 c - a wand of paralysis (4)
 u - a wand of roots (12)
 A - a wand of digging (13)
 B - a wand of light (7)
 I - a wand of flame (8)
Scrolls
 h - a scroll of summoning
 k - a scroll of enchant armour
 l - a scroll of poison {unknown}
 m - a scroll of immolation {unknown}
 n - a scroll of teleportation {@r2}
 o - a scroll of noise {unknown}
 s - 2 scrolls of fog {unknown}
 y - 2 scrolls of fear
 F - a scroll of blinking {unknown}
 G - a scroll of enchant weapon {unknown}
Potions
 b - 3 potions of magic
 e - a potion of lignification
 i - a potion of heal wounds {unknown}
 v - a potion of brilliance
 z - a potion of might
 E - a potion of ambrosia

Dungeon Overview and Level Annotations

Branches:
Dungeon (11/15)            Temple (1/1) D:4            Lair (0/5) D:9
    Orc (0/2) D:9         Gauntlet (1/1)

Altars:
Ashenzari
Cheibriados
Dithmenos
Elyvilon
Fedhas
Gozag
Hepliaklqana
Kikubaaqudgha
Makhleb
Nemelex Xobeh
Okawaru
Qazlal
Ru
Sif Muna
Trog
Uskayaw
Vehumet
Wu Jian
Xom
Yredelemnul
Zin
The Shining One
Beogh

Annotations:
D:7 1 runed translucent door, Crazy Yiuf
D:10 2 transporters, hattop's ghost, journeyman CoGl Gauntlet 9 transporters, exclusions: 2 lightning spires and 2 orange crystal statues

▒▒▒▒▒▒▒▒▒▒▒▒▒▒▒▒▒▒▒▒▒▒▒▒▒▒▒.▒....
.........©.........©▒≈≈ߧ≈▒.▒....
▒▒▒▒▒▒▒▒▒▒▒▒▒▒▒▒▒▒▒▒▒▒▒▒▒▒▒.▒▒▒▒▒
...©▒≈≈≈≈ß≈≈≈≈▒©...........©.....
▒▒▒▒▒▒▒▒▒▒▒▒▒▒▒▒▒▒▒▒▒▒▒▒▒▒▒▒▒▒▒▒▒
..▒.▒...▒.▒.........▒.▒.E.......▒
.▒...▒..▒.▒.░...░.░.▒.▒.▒.....▒.▒
...▒▒.▒.▒...░2░...▒.▒..▒▒▒▒▒..▒
..▒.▒..▒▒.▒.░#░.♣.░.▒.▒..▒▒h▒▒..▒
...©....▒.▒.░..©░#░.▒.▒....©....▒
..▒.▒..▒▒.▒...░.░...▒.▒..▒▒.▒▒..▒
▒▒▒▒▒▒▒.▒.▒.░.░...░.▒.▒.○▒▒▒▒▒.E▒
.▒.I.▒..▒.▒.░...░#░.▒.▒h▒....°▒h▒
.}[©.!..▒.▒..!)©=..2▒.▒.☼)[©☼Rhh▒
▒▒▒▒▒▒▒▒▒.▒▒▒▒▒▒▒▒▒▒▒.▒▒▒▒▒▒▒▒▒▒▒
.................................
........≈∩≈......................


You could see a cacodemon and a hell hound.


Message History

Unknown command.
Unknown command.
You slice the cacodemon!!
The cacodemon is severely wounded.
Unknown command.
You closely miss the cacodemon.
The cacodemon is severely wounded.
You block the cacodemon's attack.
The cacodemon hits you but does no damage.
Unknown command.
You slash the cacodemon!
The cacodemon is severely wounded.
The cacodemon gestures at you. The bolt of devastation hits you!!
* * * LOW HITPOINT WARNING * * *
Unknown command.
You barely miss the cacodemon.
The cacodemon is severely wounded.
Unknown command.
You hit the cacodemon but do no damage.
The cacodemon is severely wounded.
The cacodemon hits you!
* * * LOW HITPOINT WARNING * * *
You block the cacodemon's attack.
Unknown command.
You slice the cacodemon!!
The cacodemon is almost dead.
The cacodemon hits you!
You die...
Kikubaaqudgha rasps: You have failed me!
Welcome... death!

Skill      XL: |  1  2  3  4  5  6  7  8  9 10 11 |
---------------+----------------------------------+-----
Fighting       | 1 2 3 4 5 7 8 9 11 | 11.1
Necromancy     | 5 6 7 8 9 10 | 10.0
Armour         | 4 6 8 9 |  9.7
Axes           | 2 5 8 9 |  9.8
Evocations     | 1 4 |  4.3
Dodging        | |  1.3
Stealth        | |  1.4
Spellcasting   | |  1.7

Action                     |  1- 3 |  4- 6 |  7- 9 | 10-12 || total
---------------------------+-------+-------+-------+-------++-------
  Melee: Unarmed           |    27 |       |       |       ||    27
         Club              |     9 |       |       |       ||     9
         Mace              |     6 |    27 |       |       ||    33
         Spear             |       |     2 |   391 |   191 ||   584
         War axe           |       |       |       |   186 ||   186
   Cast: Necrotise         |    78 |   131 |    60 |     5 ||   274
         Animate Dead      |       |       |    10 |     5 ||    15
  Evoke: Wand              |       |       |       |    23 ||    23
    Use: Scroll            |       |       |     9 |     2 ||    11
         Potion            |       |       |     2 |     8 ||    10
   Stab: Distracted        |       |       |       |     3 ||     3
         Invisible         |       |       |       |     2 ||     2
 Armour: Robe              |    31 |    37 |       |       ||    68
         Skin              |     5 |       |       |    21 ||    26
         Plate armour      |       |    16 |   412 |   393 ||   821
  Dodge: Dodged            |    38 |    35 |    80 |    97 ||   250
  Block: Other             |     4 |    23 |    91 |    80 ||   198
         Reflection        |       |     2 |     4 |     1 ||     7

Levels and vault maps discovered:
D:1:      noname_arrival_rooms_in_the_neighbourhood, layout_basic,
          dreamdust_ecumenical_altar_drowned_temple, minmay_box_of_dots
D:2:      layout_basic, basic_altar, minmay_worlds_worst_comb
D:3:      minmay_bubble_buster, layout_rooms, kennysheep_orc_chapel, uniq_robin
D:4:      layout_basic, nicolae_wu_jian_wuxing_cycle,
          nemelex_diamond_rough_becter, minmay_temple_entry_large_hall,
          moated_statue
D:5:      layout_basic, uniq_edmund
D:6:      layout_basic, riverfiend_overflow_shadow_ancestor,
          kennysheep_slug_shrine, nicolae_gozag_cash_rules_everything_around_me,
          zin_scriptorium, nrook_mini_backslash, uniq_prince_ribbit1
D:7:      layout_cave_pools, mainiacjoe_overflow_paths, grunt_qazlal_sundering,
          uniq_crazy_yiuf_cottage
D:8:      layout_cave_pools, minmay_misc_feat_alley
D:9:      layout_basic, lemuel_mausoleum_altar_yredelemnul, minitemple,
          minmay_lair_entry_grove, orc_0_dummy, uniq_grum
D:10:     layout_irregular_city, amcnicky_altar_gilded,
          gammafunk_ghost_wrathful_warriors, roderic_lattice_a,
          kennysheep_big_empty_room
D:11:     layout_loops_corners, gauntlet_entry_generic,
          chequers_serial_rivers_small_b
Temple:   nicolae_temple_superstar
Gauntlet: gammafunk_gauntlet_one_two_three [gammafunk_gauntlet_arena_crates,
          gammafunk_gauntlet_arena_split_diamond,
          gammafunk_gauntlet_arena_mazey, nicolae_gauntlet_swirl,
          nicolae_gauntlet_arena_blocks, nicolae_gauntlet_arena_grate_2,
          gammafunk_gauntlet_arena_chambers, gammafunk_gauntlet_arena_hedges,
          nicolae_gauntlet_arena_quarters, gauntlet_exit_green]

Notes
Turn   | Place    | Note
-------+----------+-------------------------------------------
     0 | D:1      | cforsyth the Mountain Dwarf Necromancer began the quest for
                  | the Orb.
     0 | D:1      | Reached XP level 1. HP: 14/14 MP: 3/3
     7 | D:1      | You fall into a shaft and drop 1 floor!
   336 | D:2      | Found a hide-covered altar of Uskayaw.
   620 | D:1      | Reached skill level 1 in Fighting
   643 | D:1      | Reached XP level 2. HP: 23/23 MP: 0/4
   926 | D:1      | Found a faded altar of an unknown god.
  1206 | D:1      | Reached skill level 2 in Fighting
  1213 | D:1      | Reached skill level 5 in Necromancy
  1213 | D:1      | Reached XP level 3. HP: 24/29 MP: 1/5
  2764 | D:3      | Reached XP level 4. HP: 36/37 MP: 1/6
  3126 | D:3      | Reached skill level 3 in Fighting
  3232 | D:3      | Noticed Robin
  3597 | D:3      | Found a roughly hewn altar of Beogh.
  3678 | D:3      | Reached XP level 5. HP: 45/45 MP: 0/7
  3759 | D:3      | Reached skill level 6 in Necromancy
  3885 | D:3      | Killed Robin
  3889 | D:3      | Reached skill level 4 in Fighting
  4537 | D:4      | Found an ornate altar of the Wu Jian Council.
  4597 | D:4      | Reached XP level 6. HP: 48/53 MP: 5/8
  4675 | D:4      | Noticed a water moccasin
  4689 | D:4      | Killed a water moccasin
  4690 | D:4      | Reached skill level 5 in Fighting
  4796 | D:4      | Reached skill level 7 in Necromancy
  5021 | D:4      | Found a staircase to the Ecumenical Temple.
  5109 | Temple   | Entered the Ecumenical Temple
  5389 | D:4      | Found a sparkling altar of Nemelex Xobeh.
  5540 | D:5      | Entered Level 5 of the Dungeon
  5668 | D:5      | Reached XP level 7. HP: 50/62 MP: 1/9
  5805 | D:5      | Reached skill level 6 in Fighting
  5933 | D:5      | Noticed Edmund
  5946 | D:5      | Killed Edmund
  5947 | D:5      | Reached skill level 8 in Necromancy
  6635 | D:5      | Learned a level 4 spell: Animate Dead
  6666 | D:6      | Reached skill level 7 in Fighting
  6666 | D:6      | Reached XP level 8. HP: 64/73 MP: 7/10
  6718 | D:6      | Reached skill level 1 in Armour
  6764 | D:6      | Found a snail-covered altar of Cheibriados.
  6847 | D:6      | Found a glowing silver altar of Zin.
  6991 | D:6      | Reached skill level 2 in Armour
  7118 | D:6      | Found an opulent altar of Gozag.
  7200 | D:5      | Reached skill level 3 in Armour
  7200 | D:5      | Reached skill level 9 in Necromancy
  7530 | D:6      | Reached skill level 8 in Fighting
  7530 | D:6      | Reached skill level 1 in Axes
  7683 | D:6      | Reached skill level 2 in Axes
  7683 | D:6      | Reached skill level 4 in Armour
  7687 | D:6      | Found a shadowy altar of Dithmenos.
  7708 | D:6      | Found a hazy altar of Hepliaklqana.
  7740 | D:6      | Noticed Prince Ribbit
  7746 | D:6      | Reached XP level 9. HP: 65/81 MP: 11/11
  7753 | D:6      | Killed Prince Ribbit
  8037 | D:7      | Reached skill level 3 in Axes
  8280 | D:7      | Identified the +2 robe of Moral Flaws {Int+4 Dex+4}
  8465 | D:7      | Found a stormy altar of Qazlal.
  8508 | D:7      | Found a sacrificial altar of Ru.
  8574 | D:7      | Reached skill level 5 in Armour
  8973 | D:7      | Found a runed translucent door.
  8974 | D:7      | Noticed Crazy Yiuf
  9262 | D:8      | Reached skill level 4 in Axes
  9262 | D:8      | Reached skill level 10 in Necromancy
  9406 | D:7      | Reached skill level 9 in Fighting
 10130 | D:8      | Reached skill level 5 in Axes
 10268 | D:8      | Reached skill level 6 in Armour
 10499 | D:9      | Found the +0 pair of gloves of the gadgeteer {Gadgeteer
                  | Wandboost ^Fragile}
 10887 | D:9      | Reached XP level 10. HP: 57/92 MP: 9/12
 10903 | D:8      | Reached skill level 6 in Axes
 11187 | D:9      | Reached skill level 10 in Fighting
 11187 | D:9      | Reached skill level 7 in Armour
 11283 | D:9      | Found a staircase to the Lair.
 11572 | D:9      | Reached skill level 7 in Axes
 11575 | D:9      | Noticed Grum
 11603 | D:9      | Killed Grum
 11656 | D:9      | Your ally Grum died
 11731 | D:9      | Found a basalt altar of Yredelemnul.
 11886 | D:9      | Reached skill level 8 in Armour
 11992 | D:9      | Reached skill level 8 in Axes
 12198 | D:9      | Reached skill level 11 in Fighting
 12267 | D:9      | Found a staircase to the Orcish Mines.
 12285 | D:9      | Found a white marble altar of Elyvilon.
 12290 | D:9      | Found a glowing golden altar of the Shining One.
 12291 | D:9      | Found a shimmering blue altar of Sif Muna.
 12295 | D:9      | Found an ancient bone altar of Kikubaaqudgha.
 12300 | D:9      | Became a worshipper of Kikubaaqudgha
 12586 | D:10     | Entered Level 10 of the Dungeon
 12769 | D:10     | Identified the +3 great sword of Ohulagor {vamp, ^Fragile
                  | rElec MP+9 Stlth+}
 12826 | D:10     | Noticed a two-headed ogre
 12833 | D:10     | Killed a two-headed ogre
 12834 | D:10     | Reached skill level 1 in Evocations
 12834 | D:10     | Reached XP level 11. HP: 102/102 MP: 8/13
 12850 | D:10     | Found a hide-covered altar of Uskayaw.
 13384 | D:10     | Reached skill level 2 in Evocations
 13395 | D:10     | Reached skill level 9 in Armour
 13628 | D:10     | Reached skill level 9 in Axes
 13750 | D:10     | Noticed a two-headed ogre
 13753 | D:10     | Found a transporter.
 13783 | D:10     | Reached skill level 3 in Evocations
 14418 | D:10     | Found a bloodstained altar of Trog.
 14418 | D:10     | Noticed a deep troll
 14418 | D:10     | Noticed hattop's ghost (journeyman CoGl)
 14429 | D:10     | Found a transporter.
 14439 | D:10     | Noticed a two-headed ogre
 14589 | D:11     | Found a gate leading to a gauntlet.
 14599 | Gauntlet | Entered a Gauntlet
 14599 | Gauntlet | Found a transporter.
 14607 | Gauntlet | Found a transporter.
 14614 | Gauntlet | Found a transporter.
 14629 | Gauntlet | Found a transporter.
 14634 | Gauntlet | Found a transporter.
 14648 | Gauntlet | Noticed an orange crystal statue
 14651 | Gauntlet | Found a transporter.
 14669 | Gauntlet | Found a transporter.
 14681 | Gauntlet | Found a transporter.
 14693 | Gauntlet | Found a transporter.
 14693 | Gauntlet | Noticed an orange crystal statue
 14705 | Gauntlet | Found a transporter.
 14717 | Gauntlet | Found a transporter.
 14717 | Gauntlet | Noticed a lightning spire
 14719 | Gauntlet | Noticed a lightning spire
 14756 | Gauntlet | Noticed a cacodemon
 14772 | Gauntlet | Found a transporter.
 14774 | Gauntlet | Found a transporter.
 14861 | Gauntlet | Noticed a shining eye
 14913 | Gauntlet | Gained mutation: Your magical capacity is low. (-10% MP) [a
                  | shining eye]
 14916 | Gauntlet | Gained mutation: You are frail. (-10% HP) [a shining eye]
 14920 | Gauntlet | Gained mutation: You are very frail. (-20% HP) [a shining
                  | eye]
 14928 | Gauntlet | Gained mutation: Your body sometimes deteriorates upon
                  | taking damage. [a shining eye]
 14929 | Gauntlet | Killed a shining eye
 14953 | Gauntlet | Found a transporter.
 15065 | Gauntlet | Lost mutation: Your body sometimes deteriorates upon taking
                  | damage. [potion of mutation]
 15065 | Gauntlet | Lost mutation: You are very frail. (-20% HP) [potion of
                  | mutation]
 15065 | Gauntlet | Lost mutation: Your magical capacity is low. (-10% MP)
                  | [potion of mutation]
 15065 | Gauntlet | Gained mutation: Armour fits poorly on your strangely
                  | shaped body. [potion of mutation]
 15065 | Gauntlet | Lost mutation: You are frail. (-10% HP) [potion of
                  | mutation]
 15065 | Gauntlet | Gained mutation: Your muscles are strong. (Str +4, Int/Dex
                  | -1) [potion of mutation]
 15166 | Gauntlet | Reached * piety under Kikubaaqudgha
 15166 | Gauntlet | Received a gift from Kikubaaqudgha
 15167 | Gauntlet | Reached skill level 4 in Evocations
 15543 | Gauntlet | Gained mutation: You sometimes lose your temper in combat.
                  | [a neqoxec]
 15544 | Gauntlet | Gained mutation: You are clumsy. (Dex -2) [a neqoxec]
 15555 | Gauntlet | Gained mutation: Your body sometimes deteriorates upon
                  | taking damage. [a cacodemon]
 15559 | Gauntlet | HP: 18/229 [cacodemon/bolt of devastation (20)]
 15561 | Gauntlet | HP: 7/229 [cacodemon (12)]
 15562 | Gauntlet | Slain by a cacodemon

Vanquished Creatures
  A two-headed ogre (D:10)
  A shining eye (Gauntlet)
  A torpor snail (Gauntlet)
  A kobold demonologist (D:10)
  2 tengu conjurers (D:10)
  A glass eye (Gauntlet)
  Prince Ribbit (D:6)
  4 yaks (D:9)
  A vampire (D:10)
  A wraith (D:9)
  3 wyverns
  A golden eye (Gauntlet)
  A steam dragon (D:9)
  A neqoxec (Gauntlet)
  A basilisk (D:9)
  3 vampire mosquitoes (D:10)
  Edmund (D:5)
  5 water moccasins
  An ice beast (D:7)
  2 sky beasts
  4 orc warriors
  A black bear (D:5)
  A hornet zombie (D:9)
  7 wolves
  2 centaurs
  An ogre (D:6)
  A weeping skull (D:9)
  4 kobold brigands
  3 scorpions
  2 bullfrogs
  9 wights
  6 killer bees
  2 electric eels (D:10)
  2 jellies (D:7)
  5 hounds
  2 bombardier beetles
  A gnoll bouda (D:7)
  A human zombie (D:9)
  4 orc priests
  3 iguanas
  A sleepcap (D:8)
  6 orc wizards
  Robin (D:3)
  7 gnolls
  8 adders
  3 white imps
  3 ufetubi
  7 dart slugs
  A ribbon worm (D:3)
  24 orcs
  6 endoplasms
  6 giant cockroaches (D:2)
  10 hobgoblins
  8 jackals
  28 kobolds
  5 quokkas
  2 ball pythons
  4 bats
  2 frilled lizards
  10 goblins
  7 rats
  A spectral kobold (D:1)
244 creatures vanquished.

Vanquished Creatures (collateral kills)
  4 unseen horror zombies (D:9)
  A yak (D:9)
  A steam dragon (D:8)
  Grum (D:9)
  A water moccasin (D:9)
  A weeping skull (D:9)
  A scorpion (D:6)
  A wight (D:9)
  A hound (D:4)
  A jelly (D:6)
  A sleepcap (D:6)
  An iguana (D:4)
  A mummy (D:9)
  A howler monkey zombie (D:9)
  An ufetubus (D:6)
  An orc (D:10)
  An endoplasm (D:1)
  2 hobgoblins
  A jackal (D:1)
  A frilled lizard (D:3)
  4 kobolds
28 creatures vanquished.

Vanquished Creatures (others)
  A wyvern zombie (D:9)
  3 water moccasin zombies
  A tengu zombie (D:10)
  A yak zombie (D:9)
  4 wolf zombies
  A centaur zombie (D:9)
  A bullfrog zombie (D:8)
  A scorpion zombie (D:7)
  A killer bee zombie (D:8)
  A gnoll zombie (D:9)
  A jelly zombie (D:7)
  14 kobold zombies
30 creatures vanquished.

Grand Total: 302 creatures vanquished

Table legend: (Time is in decaauts)
 A = Elapsed time spent in this place.
 B = Non-inter-level travel time spent in this place.
 C = Inter-level travel time spent in this place.
 D = Time resting spent in this place.
 E = Time spent auto-exploring this place.
 F = Levels seen in this place.
 G = Mean time per level.
                   A        B        C        D        E       F      G
               +--------+--------+--------+--------+--------+-----+--------+
         Total |  15618 |  15223 |    395 |   3433 |   8634 |  13 | 1201.4 |
       Dungeon |  14643 |  14249 |    394 |   2947 |   8566 |  11 | 1331.2 |
        Temple |      1 |      1 |      0 |      0 |      0 |   1 |    1.0 |
      Gauntlet |    973 |    973 |      0 |    486 |     68 |   1 |  973.0 |
               +--------+--------+--------+--------+--------+-----+--------+

Top non-repeatable levels by time:
     D:9: 1937 daAuts
     D:7: 1752 daAuts
    D:10: 1645 daAuts
     D:3: 1511 daAuts
     D:2: 1473 daAuts
     D:8: 1397 daAuts
     D:1: 1328 daAuts
     D:4: 1249 daAuts
     D:5: 1172 daAuts
     D:6: 1153 daAuts
Gauntlet: 973 daAuts
    D:11: 22 daAuts
  Temple: 1 daAuts

Table legend:
 A = Non-vault XP
 B = Vault XP
 C = Vault XP percentage of total XP
 D = Non-vault monster count
 E = Vault monster count
 F = Vault count percentage of total count
                 A         B        C        D         E       F
            +---------+---------+-------+---------+---------+-------
      Total |    8783 |    7172 |  45.0 |     195 |      77 |  28.3
            +---------+---------+-------+---------+---------+-------
        D:1 |      45 |       7 |  13.5 |      23 |       3 |  11.5
        D:2 |      13 |      17 |  56.7 |       8 |       8 |  50.0
        D:3 |      57 |     158 |  73.5 |      12 |      27 |  69.2
        D:4 |     354 |       0 |   0.0 |      23 |       0 |   0.0
        D:5 |     642 |     164 |  20.3 |      21 |       1 |   4.5
        D:6 |    1354 |     268 |  16.5 |      30 |       2 |   6.2
        D:7 |     962 |       0 |   0.0 |      20 |       0 |   0.0
        D:8 |    1268 |       0 |   0.0 |      25 |       0 |   0.0
        D:9 |     763 |    4348 |  85.1 |       9 |      26 |  74.3
       D:10 |    3325 |       0 |   0.0 |      24 |       0 |   0.0
   Gauntlet |       0 |    2210 | 100.0 |       0 |      10 | 100.0
            +---------+---------+-------+---------+---------+-------
